 Dungeon Crawl Stone Soup version 0.19.5 (webtiles) character file.

121 JeffiDaFish the Grave Robber (level 5, 0/28 HPs)
             Began as a Kobold Necromancer on Mar 11, 2017.
             Succumbed to an adder's poison
             ... on level 3 of the Dungeon.
             The game lasted 00:13:22 (2555 turns).

JeffiDaFish the Grave Robber (Kobold Necromancer)   Turns: 2555, Time: 00:13:22

Health: 0/28       AC:  6    Str:  5    XL:     5   Next: 26%
Magic:  7/9        EV: 12    Int: 16    God:
Gold:   79         SH:  0    Dex: 17    Spells: 2 memorised, 7 levels left

rFire  . . .     SeeInvis .     i - +0 short sword
rCold  . . .     Gourm    .     e - +1 ring mail
rNeg   . . .     Faith    .     (shield restricted)
rPois  .         Spirit   .     (no helmet)
rElec  .         Reflect  .     (no cloak)
rCorr  .         Harm     .     (no gloves)
MR     .....                    (no boots)
Stlth  +++.......               (no amulet)
                                (no ring)
                                a - ring of stealth

@: lethally poisoned (0 -> -6), very slightly contaminated, hasted, very quick
A: carnivore 3
a: no special abilities


You were on level 3 of the Dungeon.
You were very full.

You visited 1 branch of the dungeon, and saw 3 of its levels.

You collected 79 gold pieces.

Inventory:

Hand Weapons
 g - a +0 dagger
 i - a +0 short sword (weapon)
Armour
 e - a +1 ring mail (worn)
 j - a +0 pair of gloves
Jewellery
 a - a ring of stealth (left hand)
Books
 b - a book of Necromancy

   Spells                             Type                      Level
   a - Pain                           Necromancy                   1
   b - Animate Skeleton               Necromancy                   1
   c - Vampiric Draining              Necromancy                   3
   d - Regeneration                   Charms/Necromancy            3
   e - Animate Dead                   Necromancy                   4
   f - Control Undead                 Necromancy                   4
Comestibles
 c - 2 meat rations
 f - a chunk of flesh
 h - 2 slices of pizza


   Skills:
 + Level 0.2 Fighting
 + Level 1.1 Short Blades
 + Level 0.1 Armour
 + Level 2.8 Dodging
 + Level 3.8 Stealth
 + Level 0.8 Unarmed Combat
 + Level 2.9 Spellcasting
 + Level 5.0 Necromancy


You had 7 spell levels left.
You knew the following spells:

 Your Spells              Type           Power        Failure   Level  Hunger
a - Pain                  Necr           ###.         14%         1    #......
b - Animate Skeleton      Necr           N/A          14%         1    #......


Dungeon Overview and Level Annotations

Branches:
Dungeon (3/15)

Altars:
Elyvilon


Innate Abilities, Weirdness & Mutations

You are small and have problems with some larger weapons.
You are carnivorous and can eat meat at any time.


Message History

You hit the orc.
The orc is moderately wounded.
The orc barely misses you.
You hit the orc but do no damage.
The orc is moderately wounded.
* * * LOW HITPOINT WARNING * * *
You feel sick.
You hit the orc.
The orc is severely wounded.
The orc closely misses you.
You hit the orc.
You kill the orc!
The orc throws a tomahawk.
The tomahawk barely misses you.
Casting: Pain
Confirm with . or Enter, or press ? or * to list all spells.
Aiming: Pain
Press: ? - help, Shift-Dir - straight line, f - orc
Aim: an orc, wielding a falchion of freezing (chance to defeat MR: 89%) Nothing appears to happen.
You die...

#.....(.%....#
#.....(......#
######.......#
#.......#
#.......#
#J......#
#.o..####
#)#### #@# #.#
#.# ..# .## ##


You could see an ooze and an orc.

Vanquished Creatures
  Terence (D:2)
  4 adders
  An ooze (D:3)
  A worm (D:2)
  2 leopard geckos
  5 orcs (D:3)
  2 giant cockroaches
  3 goblins
  6 hobgoblins
  6 bats
  8 frilled lizards
  6 kobolds
  6 rats
51 creatures vanquished.

Notes
Turn   | Place    | Note
-------+----------+-------------------------------------------
     0 | D:1      | JeffiDaFish the Kobold Necromancer began the quest for the Orb.
     0 | D:1      | Reached XP level 1. HP: 10/10 MP: 3/3
   343 | D:1      | Learned a level 1 spell: Animate Skeleton
   352 | D:1      | Reached XP level 2. HP: 15/15 MP: 3/5
   884 | D:2      | Reached XP level 3. HP: 18/19 MP: 4/6
  1023 | D:2      | Found a white marble altar of Elyvilon.
  1154 | D:2      | Noticed Terence
  1161 | D:2      | Killed Terence
  1161 | D:2      | Reached XP level 4. HP: 21/24 MP: 3/7
  2390 | D:3      | Reached XP level 5. HP: 24/28 MP: 9/9
  2413 | D:3      | Reached skill level 5 in Necromancy
  2543 | D:3      | Reached skill level 1 in Short Blades
  2555 | D:3      | Succumbed to an adder's poison

Skill      XL: |  1  2  3  4  5 |
---------------+----------------+-----
Stealth        | 3 |  3.8
Necromancy     | 5 |  5.0
Short Blades   | 1 |  1.1
Fighting       | |  0.2
Armour         | |  0.1
Dodging        | |  2.8
Unarmed Combat | |  0.8
Spellcasting   | |  2.9

Action                   |  1- 3 |  4- 6 || total
-------------------------+-------+-------++-------
Melee: Unarmed           |    36 |       ||    36
       Dagger            |    18 |       ||    18
       Short sword       |     2 |    92 ||    94
 Cast: Pain              |    32 |    26 ||    58
       Animate Skeleton  |     3 |     3 ||     6
  Use: Potion            |     5 |     2 ||     7
       Scroll            |     6 |       ||     6
 Stab: Sleeping          |     4 |     5 ||     9
  Eat: Chunk             |    10 |     4 ||    14
Armor: Robe              |     3 |       ||     3
       Ring mail         |    14 |    44 ||    58
Dodge: Dodged            |    30 |    64 ||    94
